Map: Kairos Junction LE

Players

Lambo - Winner!

  • Race: Zerg Zerg
  • Spawn Location: 11:00

Impact

  • Race: Zerg Zerg
  • Spawn Location: 5:00

Event: IEM Season 13: Katowice (2019)

VOD

Have the link to the VOD?

Description

Time

  • Played on: Feb. 26, 2019, 12:42 p.m.
  • Length: 11:07

All games in this series

Show
View Real Time Build Order
Export as new Build Order

Lambo Zerg - Winner!

Build Orders: Hatch First 

Get SALT Encoding   

  12  0:00  Drone  
  13  0:13  Overlord  
  13  0:17  Drone  
  14  0:31  Drone x2  
  16  0:49  Hatchery  
  15  0:52  Drone  
  15  0:55  Drone  
  17  0:58  Drone  
  18  1:09  Extractor  
  17  1:14  Spawning Pool  
  17  1:17  Drone  
  17  1:20  Drone  
  18  1:30  Drone  
  19  2:01  Queen x2, Zergling x4  
  21  2:02  Zergling x4  
  27  2:12  Zergling x2  
  28  2:25  Overlord  
  28  2:43  Spine Crawler  
  27  2:47  Drone x3  
  27  2:49  Drone  
  31  2:54  Overlord  
  31  3:03  Drone  
  32  3:07  Drone x2  
  32  3:11  Drone  
  35  3:13  Drone  
  35  3:14  Overlord  
  36  3:20  Drone x2  
  36  3:24  Drone x2  
  39  3:34  Evolution Chamber, Overlord  
  39  3:35  Drone  
  39  3:36  Drone  
  39  3:38  Drone  
  41  3:42  Drone  
  41  3:45  Extractor  
  41  3:47  Drone  
  42  3:51  Drone  
  42  3:54  Drone x2  
  45  3:55  Extractor  
  45  3:56  Drone  
  45  4:00  Zerg Ground Armor Level 1  
  45  4:05  Roach Warren  
  45  4:08  Drone x2  
  46  4:13  Evolution Chamber  
  46  4:15  Drone  
  46  4:16  Drone  
  47  4:19  Overlord  
  47  4:20  Drone  
  48  4:27  Drone  
  48  4:28  Metabolic Boost  
  49  4:31  Drone  
  49  4:32  Drone  
  49  4:34  Overlord  
  51  4:47  Roach x4  
  51  4:51  Overlord  
  59  4:53  Overlord  
  59  4:57  Roach x2  
  62  5:05  Roach x3  
  68  5:17  Hatchery  
  66  5:22  Roach  
  66  5:23  Roach x2  
  66  5:26  Roach x2  
  75  5:29  Overlord  
  75  5:33  Overlord  
  75  5:34  Roach  
  77  5:40  Zergling x6  
  80  5:45  Ravager x3  
  80  5:47  Overlord  
  80  5:49  Zergling x4  
  85  5:50  Ravager  
  85  5:52  Zergling x4  
  85  5:54  Zergling x2  
  85  5:55  Zergling x2  
  91  5:57  Ravager  
  91  5:59  Zergling x2  
  91  6:02  Zergling x4  
  91  6:03  Zergling x2  
  95  6:06  Zergling x2  
  95  6:08  Ravager x2  
  98  6:14  Zergling x2  
  99  6:19  Zergling x2  
  99  6:24  Zergling x8  
  99  6:25  Ravager  
  105  6:28  Zergling x6  
  105  6:31  Zergling x4  
  110  6:41  Ravager  
  110  6:43  Zergling x6  
  112  6:47  Ravager  
  112  6:51  Overlord  
  113  6:55  Overlord  
  113  6:56  Overlord  
  113  7:00  Overlord  
  113  7:01  Overlord  
  108  7:09  Zergling x10  
  108  7:11  Zergling x2  
  108  7:12  Lair  
  108  7:13  Zerg Missile Weapons Level 1  
  114  7:16  Roach x2  
  114  7:22  Roach  
  117  7:27  Roach x6  
  126  7:31  Roach  
  126  7:34  Roach  
  126  7:35  Drone  
  126  7:36  Drone  
  132  7:40  Drone  
  132  7:41  Queen  
  135  7:44  Drone  
  135  7:46  Drone  
  135  7:51  Roach  
  138  7:56  Extractor  
  138  7:58  Roach x2  
  141  8:03  Drone x3  
  141  8:04  Drone  
  141  8:05  Drone  
  146  8:07  Roach x2  
  146  8:08  Roach  
  152  8:15  Overlord  
  152  8:17  Glial Reconstitution  
  152  8:18  Overlord  
  152  8:26  Overlord  
  152  8:29  Overlord  
  152  8:31  Overlord  
  152  8:36  Roach x4  
  152  8:38  Roach x2  
  164  8:42  Roach x2  
  164  8:46  Roach  
  170  8:50  Roach x2  
  170  8:52  Roach x2  
  175  8:57  Roach x2  
  175  9:02  Roach  
  181  9:07  Overlord  
  181  9:09  Roach  
  183  9:13  Roach x5  
  193  9:22  Overlord  
  193  9:33  Roach x3  
  197  9:47  Roach  
  197  9:51  Roach x2  
  200  10:10  Hatchery  
  198  10:16  Roach x2  
  198  10:18  Roach  
  195  10:24  Roach  
  195  10:25  Roach x4  
  195  10:28  Roach x2  
  199  10:29  Roach  
  199  10:30  Roach x2  
  199  10:32  Roach  
  199  10:33  Roach  
  198  10:38  Roach x7  
  198  10:42  Roach  
Show
View Real Time Build Order
Export as new Build Order

Impact Zerg 

Build Orders: Pool First 

Get SALT Encoding   

  12  0:17  Spawning Pool  
  11  0:21  Drone  
  11  0:26  Drone  
  13  0:31  Drone  
  14  0:39  Overlord  
  14  1:03  Zergling x4  
  16  1:04  Zergling x2  
  17  1:15  Zergling x2  
  18  1:21  Hatchery  
  17  1:27  Zergling x2  
  18  1:33  Queen  
  18  1:38  Zergling x2  
  21  1:48  Overlord  
  21  2:02  Drone  
  22  2:09  Queen  
  22  2:14  Drone  
  25  2:26  Drone  
  26  2:32  Queen  
  26  2:34  Drone x2  
  30  2:41  Drone x2  
  30  2:43  Drone  
  30  2:44  Drone  
  34  2:51  Extractor, Overlord  
  34  2:56  Drone  
  34  3:01  Drone  
  34  3:04  Drone  
  36  3:11  Drone  
  37  3:13  Drone x3  
  37  3:15  Drone  
  37  3:18  Drone  
  42  3:26  Drone  
  42  3:28  Drone  
  42  3:29  Overlord  
  43  3:46  Overlord  
  43  3:48  Drone  
  43  3:49  Drone x2  
  43  3:51  Drone  
  43  3:52  Roach Warren  
  43  3:53  Evolution Chamber  
  45  3:55  Lair  
  45  4:00  Drone x2  
  47  4:05  Drone  
  47  4:07  Extractor  
  47  4:10  Extractor  
  47  4:13  Drone x3  
  47  4:15  Drone  
  47  4:16  Drone x2  
  52  4:18  Drone  
  53  4:24  Overlord x2  
  53  4:29  Zerg Missile Weapons Level 1  
  53  4:36  Roach  
  55  4:43  Hatchery  
  55  4:45  Roach x2  
  58  4:48  Roach  
  58  4:52  Overlord  
  60  4:54  Glial Reconstitution  
  60  5:02  Overseer  
  60  5:05  Roach  
  62  5:08  Roach  
  62  5:11  Roach  
  66  5:15  Drone  
  66  5:17  Extractor, Drone x3  
  66  5:20  Roach  
  66  5:21  Roach  
  73  5:24  Roach x2  
  73  5:28  Roach  
  79  5:31  Roach  
  79  5:34  Roach  
  83  5:41  Overseer  
  83  5:42  Overlord x2  
  83  5:44  Overlord, Drone  
  83  5:45  Overlord  
  84  5:56  Roach x3  
  90  6:02  Roach x4  
  98  6:05  Roach  
  98  6:08  Roach  
  102  6:13  Roach  
  102  6:15  Roach  
  102  6:17  Spine Crawler  
  105  6:19  Ravager x2  
  105  6:25  Roach x2  
  111  6:26  Roach  
  111  6:30  Overlord x2  
  113  6:37  Baneling Nest  
  113  6:38  Overlord  
  112  6:50  Roach x5  
  118  6:55  Roach  
  118  6:58  Zergling x2  
  118  7:00  Zergling x2  
  124  7:06  Roach  
  121  7:12  Roach  
  121  7:13  Roach x2, Roach Warren  
  122  7:20  Baneling x4  
  122  7:21  Roach  
  124  7:33  Metabolic Boost  
  124  7:34  Overlord x2  
  124  7:43  Hatchery  
  123  7:48  Evolution Chamber  
  123  7:49  Drone  
  123  7:54  Roach x3  
  123  7:58  Drone  
  130  8:00  Roach  
  130  8:01  Roach  
  134  8:06  Overlord x2  
  134  8:13  Zerg Missile Weapons Level 2  
  134  8:17  Zergling x2  
  134  8:18  Zergling x2  
  136  8:20  Zergling x4  
  136  8:25  Roach  
  140  8:28  Roach  
  140  8:34  Roach x2  
  146  8:37  Baneling x4  
  146  8:44  Roach x2  
  146  8:45  Roach  
  152  8:50  Overlord  
  152  8:55  Roach x2  
  156  9:01  Roach x2  
  160  9:09  Roach x3  
  166  9:13  Overlord  
  166  9:17  Baneling  
  166  9:18  Baneling x3  
  166  9:19  Overlord  
  166  9:30  Overlord x2  
  166  9:39  Roach x2  
  166  9:47  Overlord x2  
  166  9:49  Roach  
  166  9:50  Roach x3  
  166  9:54  Roach x2  
  166  9:57  Ravager x2  
  166  9:58  Ravager x3  
  175  10:00  Roach  
  175  10:03  Roach  
  177  10:08  Roach  
  177  10:09  Roach  
  177  10:11  Roach  
  162  10:22  Roach  
  162  10:23  Roach  
  162  10:27  Roach  
  151  10:31  Roach  
  131  10:37  Roach  
  131  10:39  Roach  
  131  10:40  Roach x5  
  131  10:41  Roach  

Tags
 
Add a new tag
Caveats
  • Supply blocks, unpowered buildings, or Contaminate may cause inaccurate times.
  • Supply counts are checked every 10 seconds.